Map: Scalo orbitale

Players

mklee

  • Race: Terran Terran
  • League: Diamond

Mørtebianca

  • Race: Terran Terran
  • League: Diamond

stehorz

  • Race: Zerg Zerg

Jhyrachy

  • Race: Zerg Zerg
  • League: Silver

VOD

Have the link to the VOD?

Description

Time

  • Played on: Dec. 3, 2015, 6:36 p.m.
  • Length: 12:38
Show
View Real Time Build Order
Export as new Build Order

mklee Terran 

Build Orders: Bio Tank 

Get SALT Encoding   

  12  0:01  SCV  
  13  0:13  SCV  
  14  0:19  Supply Depot  
  14  0:25  SCV  
  15  0:32  Refinery  
  15  0:40  SCV  
  16  0:44  Barracks  
  16  1:00  Barracks  
  16  1:05  SCV  
  17  1:17  SCV  
  18  1:31  Reaper  
  19  1:33  Orbital Command  
  19  1:43  Refinery  
  19  1:49  Reaper  
  20  1:54  Supply Depot  
  20  1:58  SCV  
  21  2:03  Reaper  
  22  2:10  SCV  
  23  2:19  Command Center  
  23  2:22  Reaper  
  24  2:25  SCV  
  25  2:31  Refinery  
  25  2:35  Reaper  
  26  2:39  Supply Depot  
  26  2:40  SCV  
  27  2:52  SCV  
  27  2:54  Reaper  
  29  3:04  SCV  
  30  3:08  Reaper  
  31  3:22  Command Center  
  31  3:24  SCV  
  31  3:26  Reaper  
  32  3:32  Orbital Command  
  32  3:37  Factory  
  32  3:52  Barracks Reactor  
  32  3:54  SCV  
  33  3:58  Supply Depot  
  33  4:06  SCV  
  33  4:08  SCV  
  35  4:18  SCV  
  35  4:20  SCV  
  35  4:23  Barracks Tech Lab  
  37  4:30  SCV  
  38  4:32  SCV  
  38  4:33  Hellion x2  
  38  4:35  Orbital Command  
  38  4:36  Barracks Reactor  
  43  4:42  SCV  
  43  4:43  Stimpack  
  43  4:44  SCV  
  45  4:49  Starport  
  45  4:51  Marine  
  46  4:54  SCV  
  46  4:55  Hellion x2  
  46  4:57  SCV  
  52  5:00  Refinery  
  52  5:06  SCV  
  52  5:07  SCV  
  54  5:10  Engineering Bay  
  54  5:12  Marine x3  
  57  5:15  SCV  
  57  5:18  Hellion x2  
  60  5:30  Marine x2  
  60  5:33  SCV x2  
  60  5:34  Marine, SCV  
  61  5:36  Orbital Command  
  61  5:41  Supply Depot  
  61  5:42  Viking  
  63  5:45  SCV  
  63  5:46  Hellion x2  
  63  5:47  Factory  
  63  5:49  Barracks  
  68  5:50  Marine  
  68  5:51  Marine  
  70  5:57  SCV x2  
  70  6:02  SCV  
  73  6:04  Supply Depot  
  73  6:05  Marine  
  73  6:08  Marine  
  73  6:09  Terran Infantry Weapons Level 1, SCV  
  76  6:12  Marine  
  77  6:20  SCV x2  
  77  6:21  SCV  
  77  6:22  Factory Tech Lab  
  80  6:27  Supply Depot x2  
  80  6:28  Supply Depot  
  80  6:29  Marine  
  80  6:30  Marine x2  
  80  6:32  SCV x2  
  84  6:33  SCV  
  84  6:35  Factory Tech Lab  
  84  6:39  Armory  
  76  6:45  Bunker, Siege Tank  
  79  6:47  Marine  
  79  6:48  Barracks Tech Lab, SCV  
  79  6:49  Combat Shields  
  79  6:50  Refinery  
  79  6:51  Bunker  
  79  6:52  Marauder  
  83  6:56  Siege Tank  
  83  6:59  Refinery  
  83  7:00  Refinery  
  86  7:03  Marine  
  86  7:05  Marine, SCV x2  
  90  7:10  Concussive Shells  
  90  7:11  SCV  
  90  7:12  Engineering Bay  
  90  7:13  Marauder  
  90  7:14  Marauder  
  95  7:17  SCV x2  
  95  7:21  Siege Tank  
  95  7:22  Supply Depot  
  100  7:29  Medivac  
  102  7:30  Marine x2  
  102  7:34  Marine  
  105  7:37  Command Center, Marine  
  105  7:40  Medivac  
  108  7:47  Terran Infantry Armor Level 1  
  108  7:48  Marine, Supply Depot x3  
  108  7:49  Barracks  
  108  7:50  SCV x2  
  111  7:51  SCV  
  111  7:52  Marauder  
  111  7:57  Siege Tank  
  117  8:02  SCV  
  118  8:08  Marine  
  118  8:09  Marauder, Marine  
  118  8:10  Siege Tank  
  118  8:11  Medivac  
  118  8:12  Supply Depot  
  127  8:13  Supply Depot  
  126  8:22  Marauder  
  126  8:24  Medivac  
  126  8:25  SCV  
  126  8:26  Marine, SCV  
  133  8:28  Supply Depot  
  133  8:29  Supply Depot  
  133  8:31  Supply Depot  
  133  8:32  SCV  
  133  8:33  Terran Infantry Weapons Level 2  
  134  8:38  SCV x2  
  132  8:49  Supply Depot  
  132  8:51  Missile Turret, Marauder  
  132  8:52  Marine x2  
  132  8:53  Marauder  
  136  8:57  Terran Vehicle And Ship Armor Level 1  
  136  9:03  Medivac x2  
  140  9:10  Marine x2  
  140  9:13  Marauder  
  140  9:14  Marauder, SCV  
  140  9:16  Siege Tank x2  
  153  9:23  Barracks Tech Lab  
  153  9:29  Marine x2  
  155  9:33  Refinery  
  155  9:34  Planetary Fortress, Marauder  
  155  9:35  Marauder  
  155  9:36  Medivac  
  162  9:38  SCV  
  162  9:39  SCV x2  
  162  9:42  Medivac  
  164  9:49  Refinery  
  164  9:51  Marine x2  
  166  9:53  Siege Tank  
  166  9:55  Marauder  
  166  9:57  Marine x2  
  173  10:01  Barracks  
  173  10:02  Barracks  
  173  10:07  Barracks  
  173  10:09  Barracks  
  173  10:10  Barracks  
  173  10:11  Marine  
  173  10:13  Siege Tank, Medivac x2, Barracks  
  181  10:20  Marauder x2, Marine x2  
  186  10:28  Missile Turret  
  186  10:29  Marine  
  187  10:36  Siege Tank  
  187  10:38  Marine x2  
  187  10:41  Marine x2  
  193  10:46  Marine  
  194  10:56  Marine  
  194  10:57  Marauder  
  189  10:58  Marine  
  189  10:59  Marauder  
  189  11:03  SCV  
  188  11:04  Marine  
  188  11:10  Barracks Reactor, Barracks Tech Lab x2  
  188  11:11  Barracks Reactor, Barracks Tech Lab  
  189  11:14  Marine  
  189  11:17  Marauder  
  189  11:18  Marauder  
  194  11:19  Marine  
  194  11:20  Marauder  
  194  11:22  Marine  
  198  11:31  Marine  
  199  11:37  Missile Turret, Marine  
  199  11:39  Missile Turret, Marauder  
  200  11:40  Missile Turret  
  200  11:42  Missile Turret x2  
  200  11:43  Missile Turret  
  200  11:49  Missile Turret  
  200  11:50  Missile Turret  
  200  11:53  Missile Turret  
  200  11:54  Missile Turret  
  200  12:10  Command Center  
  200  12:11  Missile Turret, Command Center, Marine  
  200  12:12  Command Center  
  200  12:15  Command Center  
  184  12:16  Missile Turret, Marine  
  184  12:17  Marauder, Marine x2  
  184  12:20  Armory  
  183  12:25  Starport  
  183  12:28  Starport  
  175  12:32  Missile Turret  
  175  12:36  Missile Turret  
Show
View Real Time Build Order
Export as new Build Order

Mørtebianca Terran 

Build Orders:  

Get SALT Encoding   

  12  0:01  Drone  
  13  0:08  Drone  
  14  0:17  Overlord  
  14  0:35  Drone x3  
  17  0:46  Drone  
  18  0:57  Hatchery  
  18  1:02  Drone, Extractor  
  17  1:16  Spawning Pool  
  17  1:18  Drone  
  17  1:23  Drone  
  18  1:29  Drone  
  19  1:39  Drone  
  20  1:57  Drone  
  20  2:00  Hatchery  
  20  2:08  Metabolic Boost  
  20  2:10  Drone x2  
  20  2:12  Zergling x2  
  23  2:20  Zergling x2  
  24  2:25  Zergling x2  
  24  2:27  Queen  
  27  2:33  Zergling x2  
  27  2:48  Overlord x2  
  26  2:52  Queen  
  27  3:03  Zergling x2  
  27  3:08  Queen  
  27  3:10  Drone x2  
  27  3:11  Zergling x2  
  27  3:12  Zergling x2  
  32  3:17  Zergling x2  
  32  3:18  Zergling x2  
  34  3:25  Zergling x4  
  35  3:31  Zergling x2  
  35  3:33  Zergling x2  
  35  3:34  Zergling x2  
  36  3:38  Zergling x4  
  36  3:39  Zergling x2  
  39  3:50  Drone x3  
  39  3:55  Zergling x6  
  44  4:00  Queen  
  44  4:02  Overlord  
  46  4:12  Drone x2  
  46  4:13  Drone  
  46  4:15  Drone  
  50  4:20  Overlord  
  50  4:22  Drone x2  
  50  4:23  Drone x2, Extractor  
  52  4:26  Drone x2  
  52  4:28  Drone  
  52  4:30  Drone  
  52  4:31  Drone  
  57  4:48  Drone x3  
  57  4:51  Drone  
  57  4:52  Extractor  
  60  4:56  Roach Warren  
  60  4:57  Drone x3  
  60  4:58  Evolution Chamber  
  60  4:59  Drone x3  
  64  5:00  Evolution Chamber  
  64  5:04  Overlord  
  63  5:17  Lair, Evolution Chamber  
  63  5:18  Drone x2  
  63  5:19  Drone, Evolution Chamber  
  61  5:34  Drone x3, Zergling x2  
  61  5:35  Zergling x12  
  60  5:38  Roach  
  63  5:44  Zerg Missile Weapons Level 1  
  63  5:50  Roach x4  
  71  6:02  Roach x3  
  74  6:07  Roach  
  71  6:15  Roach  
  71  6:16  Roach  
  71  6:17  Overlord  
  74  6:23  Extractor  
  74  6:25  Overlord x2  
  73  6:28  Overlord  
  73  6:39  Overlord x2  
  71  6:41  Overseer  
  71  6:43  Roach  
  71  6:44  Overlord x2  
  71  6:46  Overlord  
  73  6:47  Overlord  
  73  6:49  Burrow  
  73  6:52  Overlord x2  
  73  6:54  Drone x3, Extractor  
  76  6:56  Extractor, Drone x2  
  76  7:02  Drone  
  77  7:15  Queen  
  79  7:31  Zerg Ground Armor Level 1, Hydralisk Den  
  79  7:33  Overlord  
  79  7:36  Drone x3  
  81  7:40  Queen  
  83  7:46  Roach x6  
  95  7:55  Ravager  
  95  7:56  Ravager x3  
  99  7:59  Hatchery, Queen  
  99  8:05  Hydralisk  
  100  8:06  Hydralisk x2  
  100  8:07  Zergling x2  
  100  8:08  Zergling x10  
  112  8:13  Hatchery  
  112  8:18  Hydralisk  
  112  8:19  Hydralisk x2  
  117  8:20  Hydralisk  
  117  8:21  Zergling x4  
  117  8:22  Zergling x2  
  122  8:30  Drone x2  
  122  8:31  Drone  
  110  8:55  Hydralisk x8  
  88  8:56  Hydralisk  
  88  9:01  Roach  
  88  9:02  Roach  
  108  9:06  Lurker Den  
  108  9:08  Drone  
  109  9:20  Drone x11  
  120  9:27  Spire  
  119  9:36  Overlord  
  118  9:46  Roach  
  118  9:47  Roach x7  
  134  9:54  Zerg Missile Weapons Level 2  
  134  9:56  Zerg Ground Armor Level 2  
  134  10:06  Roach  
  144  10:07  Roach x4  
  144  10:08  Extractor  
  139  10:35  Hydralisk x2  
  135  10:36  Drone  
  135  10:37  Drone x2  
  141  10:48  Mutalisk x5  
  147  10:57  Hatchery, Extractor  
  147  10:59  Extractor  
  147  11:00  Mutalisk  
  145  11:15  Hatchery  
  113  11:44  Mutalisk x9  
  123  11:55  Mutalisk  
  121  12:02  Mutalisk  
Show
View Real Time Build Order
Export as new Build Order

stehorz Zerg 

Build Orders:  

Get SALT Encoding   

Show
View Real Time Build Order
Export as new Build Order

Jhyrachy Zerg 

Build Orders:  

Get SALT Encoding   

Tags
 
Add a new tag
Caveats
  • Supply blocks, unpowered buildings, or Contaminate may cause inaccurate times.
  • Supply counts are checked every 10 seconds.